 Dungeon Crawl Stone Soup version 0.18.1-8-gdd0e5ea (webtiles) character file.

48610 GordonOverkill the Severer (level 14, -1/113 HPs)
             Began as a Formicid Abyssal Knight on May 26, 2016.
             Was the Champion of Lugonu.
             Slain by Snorg (8 damage)
             ... on level 6 of the Lair of Beasts on May 27, 2016.
             The game lasted 01:50:39 (30939 turns).

GordonOverkill the Severer (FoAK)                  Turns: 30939, Time: 01:50:40

Health: -1/113     AC: 27    Str: 29    XL:     14   Next: 87%
Magic:  20/20      EV:  9    Int: 12    God:    Lugonu [******]
Gold:   2071       SH: 14    Dex: 10    Spells: 0 memorised, 13 levels left

rFire  . . .     SeeInvis +     m - +2 battleaxe (chop)
rCold  . . .     Gourm    .     s - +7 plate armour {rPois}
rNeg   . . .     Faith    .     y - +0 shield
rPois  +         Spirit   .     (helmet unavailable)
rElec  .         Dismiss  .     z - +0 cloak
rCorr  .         Reflect  +     v - +0 pair of gloves
SustAt .         Harm     .     d - +2 pair of boots
MR     +....                    N - +2 amulet of reflection
Stlth  ..........               r - ring of flight
                                k - +2 ring of strength

@: mighty, drained, somewhat resistant to hostile enchantments, extremely
unstealthy
A: permanent stasis, dig shafts and tunnels, four strong arms, antennae 3
a: Dig, Shaft Self, Depart the Abyss, Bend Space, Banish, Corrupt, Enter the
Abyss, Brand Weapon With Distortion, Renounce Religion, Evoke Flight


You were on level 6 of the Lair of Beasts.
You worshipped Lugonu.
Lugonu was exalted by your worship.
You were not hungry.

You visited 4 branches of the dungeon, and saw 22 of its levels.
You visited the Abyss 1 time.
You also visited: Volcano.

You collected 2071 gold pieces.

Inventory:

Hand Weapons
 m - a +2 battleaxe of chopping (weapon)
 A - the +8 trident of Midnight {holy, Str+3 Dex-5 SInv}
   (You found it on level 13 of the Dungeon)

   It has been blessed by the Shining One to cause great damage to the undead
   and demons.
   It affects your strength (+3).
   It affects your dexterity (-5).
   It lets you see invisible.
 E - a +2 battleaxe of draining
Armour
 d - a +2 pair of boots (worn)
 s - a +7 plate armour of poison resistance (worn)
 v - a +0 pair of gloves (worn)
 y - a +0 shield (worn)
 z - a +0 cloak (worn)
 H - a +3 chain mail of fire resistance
Jewellery
 k - a +2 ring of strength (left hand)
 r - a ring of flight (right hand)
 N - a +2 amulet of reflection (around neck)
Wands
 a - a wand of confusion (15/48)
 x - a wand of slowing (45/48)
 D - a wand of lightning (8/15)
 I - a wand of disintegration (14/24)
 O - a wand of digging (10/24)
Scrolls
 g - 3 scrolls of remove curse
 q - a scroll of recharging
 B - a scroll of amnesia
 G - a scroll of magic mapping
 Q - a scroll of fog
Potions
 b - a potion of flight {unknown}
 e - a potion of degeneration {unknown}
 f - a potion of invisibility
 h - a potion of resistance
 j - 2 potions of agility
 o - 2 potions of berserk rage {unknown}
 p - 4 potions of brilliance
 t - a potion of might
 u - a potion of cancellation {unknown}
 F - 3 potions of cure mutation
Books
 n - a book of Fire

   Spells                             Type                      Level
   a - Ignite Poison                  Fire/Transmutation/Poison    3
   b - Fireball                       Conjuration/Fire             5
   c - Bolt of Fire                   Conjuration/Fire             6
   d - Delayed Fireball               Conjuration/Fire             7
   e - Ring of Flames                 Charms/Fire                  7
Comestibles
 c - 16 bread rations
 i - 6 beef jerkies
 l - 6 slices of pizza
 w - 3 royal jellies
 P - 9 fruits


   Skills:
 - Level 11.0(10.0) Fighting
 + Level 16.8(15.6) Axes
 - Level 10.0(9.0) Armour
 + Level 5.0(4.1) Dodging
 - Level 10.0(9.0) Shields
 - Level 8.2(7.2) Invocations


You had 13 spell levels left.
You didn't know any spells.

Dungeon Overview and Level Annotations

Branches:
Dungeon (13/15)            Temple (1/1) D:5            Lair (6/8) D:8
  Snake (0/4) Lair:3          Orc (2/2) D:11            Elf (0/3) Orc:2
 Vaults (0/5) D:13
  Swamp: Lair:3-6    Shoals: Lair:3-6     Slime: Lair:6-8

Altars:
Ashenzari
Cheibriados
Dithmenos
Elyvilon
Fedhas
Gozag
Kikubaaqudgha
Makhleb
Nemelex Xobeh
Okawaru
Pakellas
Qazlal
Vehumet
Xom
Zin
The Shining One
Beogh

Shops:
D:6 :

Annotations:
D:5 Sigmund
D:6 Edmund
D:11 Maud
Lair:6 Snorg


Innate Abilities, Weirdness & Mutations

You are under a permanent stasis effect.
You can dig through walls and to a lower floor.
Your four strong arms can wield two-handed weapons with a shield.
You have a pair of large antennae on your head (SInv).


Message History

Snorg is severely wounded.
You block Snorg's attack. Snorg claws you! Snorg claws you but does no damage.
You block Snorg's attack. Snorg closely misses you. Snorg claws you.
You slash Snorg!
Snorg is severely wounded.
You block Snorg's attack. Snorg claws you! Snorg claws you but does no damage.
Unknown command.
Drink which item? (? for menu, Esc to quit)
You feel very mighty all of a sudden. Snorg bites you!!
* * * LOW HITPOINT WARNING * * *
Snorg claws you but does no damage. x2
Unknown command.
You completely miss Snorg.
Snorg is severely wounded.
You block Snorg's attack. Snorg closely misses you.
Snorg claws you but does no damage. Snorg bites you!
* * * LOW HITPOINT WARNING * * *
You block Snorg's attack. Snorg claws you!
You die...

### ..P #.#
..... #.#
.....
##.......P.
###.#.#.#.P.
......... ..
##.#T#.#...#
#...@......#
#.#.#.#.#.P.#
#...<......##
###.#.#.#..#
######.>.P#
..... P..#
###


You could see Snorg (berserk).

Vanquished Creatures
  Rupert (Lair:5)
  Gastronok (Lair:2)
  A hydra (Lair:4)
  An ogre mage (D:13)
  A queen ant (Lair:3)
  An orc high priest (Orc:2)
  2 unseen horrors
  An orc knight (Orc:1)
  3 hill giants
  Pikel (D:6)
  A cyclops (D:13)
  An orc sorcerer (Orc:1)
  5 ugly things
  A griffon (Lair:5)
  2 centaur zombies
  3 black mambas
  A toenail golem (Volcano)
  4 elephants (Lair:3)
  2 molten gargoyles (Volcano)
  A torpor snail (Lair:3)
  A guardian serpent (Lair:3)
  5 spiny frogs
  A gargoyle (Volcano)
  5 komodo dragons
  An efreet (Volcano)
  2 rime drakes
  4 trolls
  3 two-headed ogres
  5 slime creatures (D:12)
  4 blink frogs
  The ghost of euphoricsektor the Thaumaturge, an amateur DEWz (D:5)
  2 wyverns
  21 yaks
  A fire bat (Volcano)
  A vampire (D:12)
  10 hippogriffs
  2 hungry ghosts (D:10)
  Grum (D:10)
  A steam dragon (D:7)
  6 wargs
  A mottled dragon (D:11)
  15 soldier ants (Lair:3)
  10 water moccasins
  9 porcupines
  24 orc warriors
  2 hell hounds (Lair:5)
  2 necrophages
  A slave (D:6)
  5 black bears
  3 sky beasts
  An eye of draining (D:12)
  15 ogres
  4 phantoms
  A wasp (D:9)
  15 wolves
  8 centaurs
  8 crocodiles
  2 big kobolds
  An earth elemental (Volcano)
  18 giant frogs
  A water moccasin skeleton (D:12)
  4 scorpions (D:5)
  6 killer bees (D:9)
  16 wights
  3 vampire bats (D:2)
  2 howler monkeys (D:12)
  3 electric eels
  7 crimson imps
  A wasp zombie (D:11)
  7 hounds
  15 orc wizards
  2 giant frog zombies
  3 jellies
  A quasit (D:12)
  4 giant frog skeletons
  15 orc priests
  Crazy Yiuf (D:5)
  2 centaur skeletons
  3 gnoll shamans (D:13)
  13 iguanas
  46 worker ants
  A killer bee zombie (D:9)
  Robin (D:2)
  2 worker ant zombies
  15 adders
  13 gnolls
  A howler monkey skeleton (D:5)
  58 river rats
  3 shadow imps
  12 white imps (Lair:5)
  2 adder zombies
  2 adder skeletons (D:4)
  2 worms
  3 dart slugs
  5 giant geckos
  71 orcs
  2 ball pythons
  13 bats
  2 bat skeletons (D:2)
  3 bat zombies (D:2)
  10 giant cockroaches
  16 goblins
  12 hobgoblins
  17 jackals
  4 quokkas
  2 giant newts
  8 kobolds
  A quokka skeleton (D:4)
  8 rats
  A fire vortex (Volcano)
  5 fungi
  A plant (Lair:1)
707 creatures vanquished.

Vanquished Creatures (others)
  A hydra (Lair:1)
  An orc priest (Orc:2)
  A ball python (D:6)
  10 fungi
  4 plants
  10 toadstools (Lair:4)
27 creatures vanquished.

Grand Total: 734 creatures vanquished

Notes
Turn   | Place    | Note
--------------------------------------------------------------
     0 | Abyss:1  | GordonOverkill the Formicid Abyssal Knight began the quest for the Orb.
     0 | Abyss:1  | Reached XP level 1. HP: 18/18 MP: 2/2
    25 | Abyss:1  | Noticed an efreet
    29 | Abyss:1  | Noticed a starcursed mass
    34 | Abyss:1  | Noticed a bone dragon
    34 | D:1      | Escaped the Abyss
   400 | D:1      | Reached XP level 2. HP: 21/24 MP: 3/3
   432 | D:1      | Reached * piety under Lugonu
   539 | D:1      | Reached skill level 3 in Axes
   738 | D:1      | Reached XP level 3. HP: 29/29 MP: 4/4
  1235 | D:2      | Found an ancient bone altar of Kikubaaqudgha.
  1258 | D:2      | Reached skill level 4 in Axes
  1258 | D:2      | Reached XP level 4. HP: 23/35 MP: 5/5
  1264 | D:2      | Reached skill level 5 in Axes
  1264 | D:2      | Reached XP level 5. HP: 26/41 MP: 6/6
  1532 | D:2      | Reached ** piety under Lugonu
  1622 | D:2      | Reached XP level 6. HP: 47/47 MP: 7/7
  1862 | D:2      | Noticed Robin
  1877 | D:2      | Killed Robin
  1877 | D:2      | Reached skill level 6 in Axes
  2758 | D:3      | Found a snail-covered altar of Cheibriados.
  2759 | D:3      | Found a glowing golden altar of the Shining One.
  2769 | D:3      | Found a shadowy altar of Dithmenos.
  2769 | D:3      | Found a white marble altar of Elyvilon.
  2769 | D:3      | Found a sparkling altar of Nemelex Xobeh.
  2818 | D:3      | Reached *** piety under Lugonu
  2887 | D:3      | Found a shattered altar of Ashenzari.
  2887 | D:3      | Found a burning altar of Makhleb.
  3161 | D:3      | Found a glowing silver altar of Zin.
  3161 | D:3      | Found an opulent altar of Gozag.
  3303 | D:4      | Found a blossoming altar of Fedhas.
  3305 | D:4      | Found a stormy altar of Qazlal.
  3990 | D:4      | Reached skill level 1 in Shields
  3990 | D:4      | Reached XP level 7. HP: 42/52 MP: 8/8
  4235 | D:4      | Found an iron altar of Okawaru.
  4239 | D:4      | Reached skill level 7 in Axes
  4549 | D:5      | Entered Level 5 of the Dungeon
  4973 | D:5      | Reached XP level 8. HP: 46/58 MP: 9/9
  5306 | D:5      | Reached skill level 8 in Axes
  5487 | D:5      | Reached skill level 5 in Shields
  5504 | D:5      | Reached **** piety under Lugonu
  5533 | D:5      | Noticed euphoricsektor's ghost (amateur DEWz)
  5547 | D:5      | Killed euphoricsektor's ghost
  5565 | D:5      | Noticed Sigmund
  5852 | D:5      | Reached skill level 9 in Axes
  5879 | D:5      | Reached XP level 9. HP: 56/64 MP: 10/10
  5917 | D:5      | Noticed Crazy Yiuf
  5921 | D:5      | Killed Crazy Yiuf
  6067 | D:5      | Found a staircase to the Ecumenical Temple.
  6083 | Temple   | Entered the Ecumenical Temple
  6614 | D:6      | Noticed Edmund
  6787 | D:6      | Found a radiant altar of Vehumet.
  7093 | D:6      | Found Unuol's Book Shop.
  7503 | D:6      | Reached skill level 10 in Axes
  7712 | D:7      | Noticed Pikel
  7750 | D:6      | Killed Pikel
  7766 | D:6      | Reached skill level 5 in Fighting
  7766 | D:6      | Reached XP level 10. HP: 47/74 MP: 11/11
  9071 | D:8      | Reached skill level 10 in Shields
 10395 | D:8      | Found a staircase to the Lair.
 10540 | Lair:1   | Entered Level 1 of the Lair of Beasts
 10556 | Lair:1   | Noticed a four-headed hydra
 10557 | Lair:1   | Noticed a black mamba
 10582 | D:8      | Killed a black mamba
 11101 | D:9      | Reached skill level 11 in Axes
 11597 | D:9      | You fall through a shaft!
 11597 | D:10     | Entered Level 10 of the Dungeon
 11864 | D:9      | Identified a scroll of acquirement
 11901 | D:9      | Found a white marble altar of Elyvilon.
 12068 | D:9      | Reached ***** piety under Lugonu
 12531 | D:9      | Reached XP level 11. HP: 54/86 MP: 12/12
 13198 | D:10     | Noticed an unseen horror
 13220 | D:10     | Killed an unseen horror
 13420 | D:10     | Reached skill level 12 in Axes
 13458 | D:10     | Found an oddly glowing altar of Pakellas.
 13519 | D:10     | Noticed Grum
 13565 | D:10     | Killed Grum
 13887 | D:11     | Reached skill level 10 in Fighting
 14033 | D:11     | Found a staircase to the Orcish Mines.
 14043 | D:11     | Found a roughly hewn altar of Beogh.
 14465 | D:11     | Noticed a hill giant
 14475 | D:11     | Killed a hill giant
 14629 | D:11     | Noticed a red ugly thing
 14644 | D:11     | HP: 4/92 [red ugly thing (17)]
 14646 | D:11     | Killed a red ugly thing
 15050 | D:11     | Noticed Maud
 15083 | D:11     | You fall through a shaft for 2 floors!
 15334 | D:13     | Got a translucent trident
 15413 | Orc:1    | Entered Level 1 of the Orcish Mines
 15420 | Orc:1    | Noticed an orc knight
 15680 | D:11     | Reached XP level 12. HP: 52/99 MP: 13/13
 16251 | Orc:1    | Reached skill level 13 in Axes
 16925 | Orc:1    | Found a roughly hewn altar of Beogh.
 17134 | Orc:1    | Found a shimmering altar of Xom.
 17321 | Orc:2    | Entered Level 2 of the Orcish Mines
 17552 | Orc:2    | Noticed an orc high priest
 17622 | Orc:2    | Killed an orc high priest
 17622 | Orc:2    | Reached skill level 5 in Invocations
 17954 | Orc:2    | Found a staircase to the Elven Halls.
 18459 | Orc:2    | Reached ****** piety under Lugonu
 18472 | Orc:2    | Noticed a soul eater
 20565 | Lair:1   | Identified the +8 trident of Midnight {holy, Str+3 Dex-5 SInv} (You found it on level 13 of the Dungeon)
 20645 | Lair:1   | Noticed a six-headed hydra
 21249 | D:12     | Reached skill level 14 in Axes
 22472 | D:11     | Reached XP level 13. HP: 55/106 MP: 19/19
 23878 | D:13     | Reached skill level 5 in Armour
 24308 | D:13     | Reached skill level 15 in Axes
 24672 | D:13     | Found a gate to the Vaults.
 24853 | D:8      | Banished an eight-headed hydra
 24893 | Lair:1   | Banished a 16-headed hydra
 26475 | Lair:2   | Noticed Gastronok
 26499 | Lair:2   | Killed Gastronok
 27044 | Lair:3   | Found a staircase to the Snake Pit.
 27316 | Lair:3   | Reached XP level 14. HP: 104/113 MP: 20/20
 27877 | Lair:3   | Reached skill level 16 in Axes
 28496 | Lair:3   | Reached skill level 10 in Armour
 28533 | Lair:3   | Reached skill level 1 in Dodging
 29534 | Lair:5   | Noticed Rupert
 29555 | Lair:5   | Killed Rupert
 29596 | Lair:5   | Found a dark tunnel.
 29608 | Volcano  | Entered a volcano
 29908 | Volcano  | Found a radiant altar of Vehumet.
 30850 | Lair:5   | Reached skill level 5 in Dodging
 30924 | Lair:6   | Noticed Snorg
 30939 | Lair:6   | Slain by Snorg

Skill      XL: |  1  2  3  4  5  6  7  8  9 10 11 12 13 14 |
---------------+-------------------------------------------+-----
Axes           | 3 4 5 6 7 9 10 11 12 14 15 16 | 16.8
Shields        | 1 3 6 9 10 | 10.0
Fighting       | 5 8 10 11 | 11.0
Invocations    | 8 |  8.2
Armour         | 8 10 | 10.0
Dodging        | 5 |  5.0

Action                   |  1- 3 |  4- 6 |  7- 9 | 10-12 | 13-15 || total
-------------------------+-------+-------+-------+-------+-------++-------
Melee: Hand axe          |   126 |   277 |   254 |       |       ||   657
       War axe           |       |       |   244 |   183 |       ||   427
       Battleaxe         |       |       |       |  1040 |  1057 ||  2097
Invok: Depart the Abyss  |     1 |       |       |       |       ||     1
       Bend Space        |       |       |       |     3 |       ||     3
       Banish            |       |       |       |       |     2 ||     2
 Abil: Dig               |     1 |     2 |     3 |    32 |    12 ||    50
       Shaft Self        |       |       |       |     2 |       ||     2
Evoke: Wand              |       |       |       |    11 |       ||    11
  Use: Scroll            |       |    11 |     3 |    10 |    10 ||    34
       Potion            |       |       |       |     9 |     7 ||    16
 Stab: Invisible         |       |       |       |     2 |       ||     2
  Eat: Chunk             |     2 |     9 |    13 |    28 |    25 ||    77
       Meat ration       |       |       |       |     7 |       ||     7
       Beef jerky        |       |       |       |     1 |     1 ||     2
       Bread ration      |       |       |       |       |     1 ||     1
Armor: Plate armour      |   134 |   179 |   231 |   615 |   369 ||  1528
       Chain mail        |       |       |       |       |    16 ||    16
Dodge: Dodged            |    43 |    75 |    72 |   273 |   163 ||   626
Block: Shield            |       |    19 |   248 |   777 |   552 ||  1596
       Reflection        |       |       |       |     1 |    12 ||    13
